 Dungeon Crawl Stone Soup version 0.22-a0-445-g8c8ef71 (webtiles) character file.

1313 epen the Insei (level 8, -3/57 HPs)
             Began as an Octopode Monk on June 2, 2018.
             Was a Believer of Ru.
             Killed from afar by an orc wizard (7 damage)
             ... with a magic dart
             ... on level 6 of the Dungeon.
             The game lasted 00:09:35 (5250 turns).

epen the Insei (Octopode Monk)                      Turns: 5250, Time: 00:09:36

Health: -3/57      AC:  1    Str: 10    XL:     8   Next: 58%
Magic:  8/8        EV: 17    Int: 13    God:    Ru [**....]
Gold:   316        SH:  0    Dex: 16    Spells: 7/7 levels left

rFire    . . .     SeeInvis .   o - +2 whip (elec)
rCold    . . .     Gourm    .   (no shield)
rNeg     . . .     Faith    .   (helmet restricted)
rPois    +         Spirit   .   (no amulet)
rElec    .         Reflect  .   e - ring of poison resistance
rCorr    .         Harm     .   m - +2 ring of slaying
MR       .....                  (no ring)
Stlth    +++.......             (no ring)
HPRegen  0.19/turn              (no ring)
MPRegen  0.11/turn              (no ring)
                                (no ring)
                                (no ring)

@: no status effects
A: almost no armour, stealthy swim, amphibious, 8 rings, constrict 8, camouflage
1, gelatinous body 1, inability to use devices
a: Renounce Religion


You were on level 6 of the Dungeon.
You worshipped Ru.
Ru was pleased with you.
You were not hungry.

You visited 2 branches of the dungeon, and saw 7 of its levels.

You collected 316 gold pieces.

Inventory:

Hand Weapons
 n - a +0 dagger of venom
 o - a +2 whip of electrocution (weapon)
Missiles
 d - 2 needles of confusion
Jewellery
 e - a ring of poison resistance (left tentacle)
 m - a +2 ring of slaying (right tentacle)
 r - an uncursed ring of fire
Scrolls
 i - a scroll of identify
 q - a scroll of immolation
Potions
 g - a potion of berserk rage {unknown}
 h - a potion of lignification
 k - a potion of resistance {unknown}
 w - a potion of magic
 z - a potion of curing {unknown}
Comestibles
 a - 10 rations


   Skills:
 + Level 5.8 Fighting
 + Level 5.8 Dodging
 - Level 2.6 Stealth
 * Level 7.8 Unarmed Combat


You had 7 spell levels left.
You didn't know any spells.
Your spell library was empty.

Dungeon Overview and Level Annotations

Branches:
Dungeon (6/15)             Temple (1/1) D:5

Altars:
Ashenzari
Dithmenos
Elyvilon
Fedhas
Gozag
Hepliaklqana
Makhleb
Nemelex Xobeh
Okawaru
Qazlal
Ru
Trog
Uskayaw
Vehumet
Wu Jian
Yredelemnul
Zin
The Shining One


Innate Abilities, Weirdness & Mutations

You cannot wear most types of armour.
You are very stealthy in the water. (Stealth+)
You are amphibious.
You can wear up to eight rings at the same time.
You can use your tentacles to constrict eight enemies at once.
Your skin changes colour to match your surroundings (Stealth+).
Your rubbery body absorbs attacks. (AC +1, EV +1)
You cannot study or use magical devices.


Message History

You miss something. You miss something.
You hear some strange, mumbled words.
A magic dart appears from out of thin air!
The magic dart hits you!
* * * LOW HITPOINT WARNING * * *
Okay, then.
You barely miss something. You squeeze something.
Things that are here:
a halberd; a chain mail; an orc corpse You butcher the orc corpse.
Something hits you.
* * * LOW HITPOINT WARNING * * *
Items here: % ) [ รท a halberd; a chain mail; 2 chunks of flesh; an orc skeleton There isn't anything to butcher here.
Something tries to affect you, but you resist.
You see here a scroll of remove curse.
A magic dart appears from out of thin air!
The magic dart hits you!
You die...

##.## #.#
#.# #..#
#.# #.#
##.# #.#
#########.#
#.# #.#
#..)......#
#.# #.#
#.#########
#.# #.# #.#
#.# #.# #.#
#.## #.#
#.# #..#
#.# #@#
##.# #.#
#.# #.# #.#
#.# #.###.#
#)# #..##.#
#.# ##.##.#
#.. #..#.#
#### ##.#.#
#.#.#


There were no monsters in sight!

Vanquished Creatures
  Grinder (D:6)
  Menkaure (D:5)
  2 orc warriors (D:6)
  A phantom (D:4)
  2 centaurs
  A scorpion (D:4)
  3 hounds
  A bullfrog zombie (D:5)
  A jelly (D:5)
  An orc priest (D:3)
  An orc wizard (D:4)
  An iguana (D:5)
  2 worker ants
  A howler monkey zombie (D:5)
  6 adders
  4 oozes
  An adder skeleton (D:5)
  3 worms
  6 dart slugs
  2 leopard geckos
  17 orcs
  A ball python (D:4)
  12 giant cockroaches
  2 gnoll zombies (D:3)
  13 goblins
  7 hobgoblins
  3 jackals (D:2)
  2 quokkas
  7 bats
  5 frilled lizards
  A jackal skeleton (D:4)
  A jackal zombie (D:6)
  6 kobolds
  10 rats
128 creatures vanquished.

Notes
Turn   | Place    | Note
-------+----------+-------------------------------------------
     0 | D:1      | epen the Octopode Monk began the quest for the Orb.
     0 | D:1      | Reached XP level 1. HP: 16/16 MP: 1/1
    48 | D:1      | Reached XP level 2. HP: 13/21 MP: 2/2
   475 | D:1      | Reached XP level 3. HP: 24/26 MP: 3/3
   906 | D:2      | Found a blossoming altar of Fedhas.
  1135 | D:2      | Reached skill level 4 in Unarmed Combat
  1135 | D:2      | Reached XP level 4. HP: 27/31 MP: 4/4
  1554 | D:3      | Found a basalt altar of Yredelemnul.
  1676 | D:3      | Reached XP level 5. HP: 37/37 MP: 5/5
  2266 | D:4      | Reached skill level 5 in Unarmed Combat
  2266 | D:4      | Reached XP level 6. HP: 43/43 MP: 6/6
  2350 | D:4      | Found a glowing silver altar of Zin.
  2401 | D:4      | Noticed a phantom
  2420 | D:4      | Killed a phantom
  3231 | D:4      | Found a bloodstained altar of Trog.
  3483 | D:5      | Entered Level 5 of the Dungeon
  3646 | D:5      | Reached XP level 7. HP: 49/49 MP: 7/7
  3849 | D:5      | Reached skill level 6 in Unarmed Combat
  3855 | D:5      | Found a staircase to the Ecumenical Temple.
  3906 | Temple   | Entered the Ecumenical Temple
  3977 | Temple   | Became a worshipper of Ru the Awakened
  3979 | Temple   | Gained mutation: You cannot study or use magical devices. [Ru sacrifice]
  3979 | Temple   | Reached * piety under Ru
  3979 | Temple   | Reached ** piety under Ru
  4149 | D:5      | Noticed Menkaure
  4156 | D:5      | Killed Menkaure
  4156 | D:5      | Reached skill level 5 in Fighting
  4270 | D:5      | Reached skill level 5 in Dodging
  4539 | D:6      | Reached XP level 8. HP: 44/55 MP: 8/8
  4545 | D:6      | Reached skill level 7 in Unarmed Combat
  4799 | D:6      | Noticed Grinder
  4806 | D:6      | Paralysed by Grinder for 7 turns
  4810 | D:6      | HP: 3/82 [centaur/arrow (6)]
  4815 | D:6      | HP: 3/82 [centaur (1)]
  4818 | D:6      | Paralysed by Grinder for 2 turns
  4825 | D:6      | Killed Grinder
  5250 | D:6      | Killed from afar by an orc wizard

Vault maps used:
D:1:      dpeg_arrival_concentric_ovals, minmay_distorted
D:2:      fedhas_altar_1
D:3:      kennysheep_the_goblin_king, lemuel_zombie_altar_yredelemnul
D:4:      kennysheep_mini, lightli_temple_of_fire, first_ration
D:5:      minmay_temple_entry_glassed_door, uniq_menkaure
D:6:      uniq_grinder
Temple:   jpeg_temple_clearing

Skill      XL: |  1  2  3  4  5  6  7  8 |
---------------+-------------------------+-----
Unarmed Combat | 4 5 6 7 |  7.8
Dodging        | 4 5 |  5.8
Fighting       | 4 5 |  5.8
Stealth        | |  2.6

Action                   |  1- 3 |  4- 6 |  7- 9 || total
-------------------------+-------+-------+-------++-------
Melee: Unarmed           |    81 |    86 |     6 ||   173
       Tentacles         |    20 |    17 |    14 ||    51
       Constrict         |    24 |    34 |    13 ||    71
       Punch             |     2 |     6 |     5 ||    13
       Whip              |       |    54 |    79 ||   133
Invok: Sacrifice Artific |       |       |     1 ||     1
  Use: Scroll            |       |       |     9 ||     9
       Potion            |       |       |     3 ||     3
 Stab: Sleeping          |    11 |    22 |     7 ||    40
       Distracted        |       |       |     1 ||     1
  Eat: Chunk             |     1 |     4 |     5 ||    10
       Ration            |       |     1 |       ||     1
Armor: Skin              |     3 |     8 |    34 ||    45
Dodge: Dodged            |    51 |    70 |    51 ||   172

Table legend:
 A = Spawn XP
 B = Non-spawn XP
 C = Spawn XP percentage of total XP
 D = Spawn monster count
 E = Non-spawn monster count
 F = Spawn count percentage of total count
 G = Total turns spent on level
                    A         B        C        D         E        F      G
               +---------+---------+-------+---------+---------+-------+---------
         Total |       0 |    1876 |   0.0 |       0 |     128 |   0.0 |  5250
               +---------+---------+-------+---------+---------+-------+---------
           D:1 |       0 |      46 |   0.0 |       0 |      20 |   0.0 |   906
           D:2 |       0 |     100 |   0.0 |       0 |      31 |   0.0 |   566
           D:3 |       0 |     114 |   0.0 |       0 |      30 |   0.0 |   762
           D:4 |       0 |     291 |   0.0 |       0 |      15 |   0.0 |  1249
           D:5 |       0 |     516 |   0.0 |       0 |      18 |   0.0 |   876
           D:6 |       0 |     809 |   0.0 |       0 |      14 |   0.0 |   798
               +---------+---------+-------+---------+---------+-------+---------
